Cogmind - Beta 15 @@@ ROGUE MODE // 2025.06.27 @ 15:28:16 Player: ChemSlug Result: Destroyed by L-31 Rogue with Katana Performance ------------- Evolutions (1) 500 Regions Visited (2) 400 Robots Destroyed (31) 155 Value Destroyed (883) 883 Prototype IDs (1) 20 Alien Tech Used (0) 0 Bonus (0) 0 TOTAL SCORE: 1958 Bonus ------- None Cogmind --------- Core Integrity 0/400 Matter 270/300 Energy 100/100 System Corruption 0% Temperature Cool (0) Movement Flying (1160) Ox16 Location -9/Materials Parts ------- > --- POWER (1) -------- (None) > --- PROPULSION (4) --- Improved Flight Unit > --- UTILITY (2) ------ Huge Storage Unit Utility Shielding > --- WEAPON (2) ------- (None) > --- INVENTORY (25) --- Improved Hover Unit Improved Hover Unit Medium Storage Unit Weight Redist. System Weight Redist. System Targeting Computer Targeting Computer ECM Suite Power Shielding Utility Shielding Weapon Shielding Weapon Shielding Light Armor Plating EMP Blaster Grenade Launcher Rocket Launcher Peak State ------------ > --- POWER ------------ Backup Power III > --- PROPULSION ------- Light Treads Improved Treads Improved Treads Improved Treads > --- UTILITY ---------- Huge Storage Unit Structural Scanner > --- WEAPON ----------- Grenade Launcher Rocket Launcher > --- INVENTORY -------- Ion Engine Improved Hover Unit Improved Hover Unit Improved Flight Unit Improved Flight Unit Medium Storage Unit Weight Redist. System Weight Redist. System Targeting Computer Targeting Computer ECM Suite Power Shielding Utility Shielding Utility Shielding Weapon Shielding Weapon Shielding Light Armor Plating EM Pulse Gun EM Pulse Gun EMP Blaster Datajack [Rating: 18] Favorites ----------- Power Backup Power III Engine Backup Power III Propulsion Light Treads Treads Light Treads Flight Unit Improved Flight Unit Utility Huge Storage Unit Device Structural Scanner Storage Huge Storage Unit Protection Utility Shielding Weapon EM Pulse Gun Energy Gun EM Pulse Gun Ballistic Gun Assault Rifle Launcher Grenade Launcher Special Melee Weapon Datajack Build | -11 -10 -9 ------- Run | Yrd Mat Mat Slots Evolved 2 | . . 2 Power . | . . . Propulsion 2 | . . 2 Utility . | . . . Weapon . | . . . Parts Attached 25 | 6 10 9 Power 2 | 1 . 1 Engine 2 | 1 . 1 Core . | . . . Reactor . | . . . Propulsion 8 | 2 . 6 Treads 6 | 2 . 4 Leg . | . . . Wheel . | . . . Hover . | . . . Flight 2 | . . 2 Utility 7 | 1 6 . Device 2 | . 2 . Storage 3 | 1 2 . Processor . | . . . Hackware . | . . . Protection 2 | . 2 . Artifact . | . . . Weapon 8 | 2 4 2 Energy Gun 2 | . 2 . Energy Cannon . | . . . Ballistic Gun 2 | 2 . . Ballistic Cannon . | . . . Launcher 3 | . 1 2 Special Weapon . | . . . Impact Weapon . | . . . Slashing Weapon . | . . . Piercing Weapon . | . . . Special Melee Weapon 1 | . 1 . Unidentified Prototypes . | . . . Parts Lost 9 | . . 9 Power 2 | . . 2 Propulsion 3 | . . 3 Utility 1 | . . 1 Weapon 3 | . . 3 Highest Loss Streak 4 | . . 4 To Critical Strikes . | . . . Average Backups 11 | 1 8 17 Power . | . 1 . Propulsion 1 | . . 3 Utility 6 | . 5 9 Weapon 1 | . 1 2 Tool/Special . | . . . Unused Backups 15 | . 1 14 Power . | . . . Propulsion 5 | . . 5 Utility 10 | . 1 9 Weapon . | . . . Tool/Special . | . . . Average Slot Usage (%) 94 | . 95 91 Engine 11 | . 13 9 Treads 32 | . 28 39 Device 10 | . 10 9 Storage 12 | . 14 11 Energy Gun 11 | . 14 7 Ballistic Gun 6 | . 10 . Launcher 3 | . . 9 Special Melee Weapon 2 | . 3 2 Peak Build Rating 18 | 6 10 18 Average Rating 10 | 4 8 14 On Entrance 5 | . 6 10 Naked Turns . | . . . Heaviest Build 90 | 13 88 90 Greatest Support 89 | 40 40 89 Greatest Overweight (x) 17 | . 2 17 Average Overweight (x) . | . . . Largest Inventory Capacity 25 | 8 25 25 Average Capacity 18 | 7 14 25 Most Carried 23 | 5 12 23 Average Carried 11 | 1 8 17 Final Capacity 25 | 8 25 25 Final Carried 16 | 1 12 16 Class Distribution -------------------- 100% | Mutant Dominant Class ---------------- Mutant | -10/Materials Mutant | -9/Materials Resources | -11 -10 -9 ----------- Run | Yrd Mat Mat Matter Collected 822 | 260 286 276 Remotely . | . . . Salvage Created 1025 | . 470 555 Parts 69 | . 32 37 Haulers Intercepted 2 | . 2 . Recyclers Shooed . | . . . Parts Field Recycled . | . . . Retrieved Matter . | . . . Parts Self-Destructed . | . . . Prevented . | . . . Kills | -11 -10 -9 ------- Run | Yrd Mat Mat Combat Hostiles Destroyed 23 | . 10 13 Guns 14 | . 8 6 AOE 8 | . 2 6 Classes Destroyed 9 | . 6 3 Worker 3 | . 1 2 Builder 2 | . 1 1 Hauler 2 | . 2 . Operator 1 | . 1 . Swarmer 5 | . 5 . Grunt 11 | . 5 6 Brawler 1 | . . 1 Duelist 2 | . . 2 Sentry 4 | . . 4 Best Kill Streak 4 | . 3 4 Combat Bots Only 4 | . 3 4 Max Kills in Single Turn 3 | . 3 2 Gunslinging . | . . . Exploded 2 | . 2 2 Melee . | . . . Uniques/NPCs Destroyed . | . . . Combat | -11 -10 -9 -------- Run | Yrd Mat Mat Hostile Shots Fired 179 | . 62 117 Missed 55 | . 19 36 Hits 124 | . 43 81 Melee 11 | . . 11 Projectile 113 | . 43 70 Critical Strikes 4 | . 1 3 Damage Taken 1808 | . 460 1348 Core 523 | . 107 416 Absorbed by Shields . | . . . Redirected to Shielding 14 | . . 14 Core Remaining (%) 78 | 100 57 . Volleys Fired 79 | . 41 38 Largest 2 | . 2 2 Hottest 80 | . 80 80 Shots Fired 135 | . 80 55 Gun 122 | . 79 43 Cannon . | . . . Launcher 13 | . 1 12 Special . | . . . Kinetic 65 | . 65 . Thermal . | . . . Explosive 12 | . 1 11 Electromagnetic 58 | . 14 44 Robot Hit Streak 11 | . 6 11 Robot Miss Streak 2 | . 2 1 Penetration Max . | . . . Secondary Targets 2 | . 2 . Max Gunslinging Chain 1 | . 1 . Shots Hit Robots 93 | . 52 41 Core Hits 55 | . 25 30 Critical Kills . | . . . Critical Parts Destroyed . | . . . Critical Strikes . | . . . Melee Attacks 3 | . 1 2 Impact . | . . . Slashing . | . . . Piercing . | . . . Sneak Attacks 1 | . 1 . Combat Hostiles . | . . . Follow-up Attacks . | . . . Damage Inflicted 1666 | . 659 1007 Guns 921 | . 514 407 Cannons . | . . . Explosions 745 | . 145 600 Melee . | . . . Ramming . | . . . Kinetic 461 | . 461 . Thermal 165 | . . 165 Explosive 577 | . 145 432 Electromagnetic 463 | . 53 410 Impact . | . . . Slashing . | . . . Piercing . | . . . Highest Corruption 4 | . 4 . Average Corruption 3 | . 3 . Corruption Purged . | . . . Corruption Blocked . | . . . Effects 28 | . 28 . Message Errors 6 | . 6 . Matter Fused 7 | . 7 . Heat Flow Errors 3 | . 3 . Energy Discharges 3 | . 3 . Parts Rejected 1 | . 1 . Data Loss (minor) 5 | . 5 . Misfires 1 | . 1 . Alerts 1 | . 1 . Weapon Failures 1 | . 1 . Overload Shots . | . . . Overflow Damage 18 | . 8 10 Projectiles . | . . . Explosions 18 | . 8 10 Melee . | . . . Knockbacks . | . . . Impact . | . . . Kinetic . | . . . Secondary . | . . . Self-Inflicted Damage 130 | . . 130 Shots 4 | . . 4 Rammed 1 | . 1 . Targets Rammed 1 | . 1 . Kicked . | . . . Crushed . | . . . Highest Temperature 159 | . 159 27 Average Temperature 21 | . 26 12 Received Heat Transfer 567 | . 174 393 Siege Activations . | . . . Martial Activations . | . . . Shielding Activations . | . . . Robots Disrupted . | . . . Combat Hostiles . | . . . Robots Corrupted 1 | . . 1 Combat Hostiles 1 | . . 1 Parts Fried 2 | . . 2 Impact Corruptions . | . . . Robots Melted . | . . . Combat Hostiles . | . . . Parts Melted . | . . . Heat Transferred 250 | . . 250 Parts Sabotaged . | . . . Parts Stolen . | . . . Parts Stripped . | . . . Power Chain Reactions 2 | . . 2 Alert | -11 -10 -9 ------- Run | Yrd Mat Mat Maximum Alert Level 1 | . . 1 Low Security (%) 97 | 100 100 93 Level 1 2 | . . 6 Level 2 . | . . . Level 3 . | . . . Level 4 . | . . . Level 5 . | . . . High Security . | . . . Max Security . | . . . Peak Influence 214 | . 117 214 Initial . | . . . Average 47 | . 24 91 Influence Increases 923 | . 339 584 Destroy 0b10 Robot/C 460 | . 200 260 Destroy 0b10 Robot/NC 40 | . 25 15 Destroy Leader 124 | . 54 70 Successful Hack 41 | . 34 7 Disable Machine 135 | . 15 120 Destroy Structure 78 | . 11 67 Lose Combat Pursuer 45 | . . 45 Influence Decreases 767 | . 339 428 Time Decay 677 | . 339 338 Lost Part 90 | . . 90 Squads Dispatched 2 | . 1 1 Investigation 1 | . . 1 Extermination . | . . . Reinforcement 1 | . 1 . Assault . | . . . Garrison . | . . . Intercept . | . . . Searches Triggered . | . . . Construction Impeded . | . . . Haulers Reinforced . | . . . Active Scanning Responses . | . . . Cargo Convoy Interrupts . | . . . Stealth | -11 -10 -9 --------- Run | Yrd Mat Mat Distress Signals 4 | . 2 2 Communications Jammed . | . . . Distress Signals . | . . . Times Spotted 47 | . 26 21 Peak Tracking Total 6 | . 6 4 Tactical Retreats 3 | . . 3 Traps | -11 -10 -9 ------- Run | Yrd Mat Mat Traps Triggered 2 | . 2 . Indirectly . | . . . Trap Hack Attempts . | . . . Triggered . | . . . Disarmed . | . . . Reprogrammed . | . . . Reused . | . . . Traps Extracted . | . . . Installed . | . . . Triggered . | . . . Machines | -11 -10 -9 ---------- Run | Yrd Mat Mat Machines Disabled 9 | . 1 8 Max in Single Turn 2 | . 1 2 Machines Repaired . | . . . Machines Dismantled . | . . . Machines Sabotaged . | . . . Overloaded Fab Kills . | . . . Hacking | -11 -10 -9 --------- Run | Yrd Mat Mat Machines Accessed 5 | . 3 2 Terminals 3 | . 2 1 Fabricators . | . . . Repair Stations 1 | . 1 . Recycling Units . | . . . Scanalyzers 1 | . . 1 Garrison Access . | . . . Total Hacks 25 | . 17 8 Successful 16 | . 9 7 Failed 9 | . 8 1 Catastrophic 2 | . 2 . Database Lockouts . | . . . Manual . | . . . Terminals 19 | . 15 4 Fabricators . | . . . Repair Stations 2 | . 2 . Recycling Units . | . . . Scanalyzers 4 | . . 4 Garrison Access . | . . . Terminal Hacks 11 | . 8 3 Record 5 | . 4 1 Branch Access Points 1 | . . 1 Alert Level 1 | . 1 . Dispatch Records 1 | . 1 . Patrol Status 1 | . . 1 Transport Status 1 | . 1 . Reinforcement Status 1 | . 1 . Fabricator Hacks . | . . . Repair Station Hacks 1 | . 1 . Refit 1 | . 1 . Recycling Unit Hacks . | . . . Scanalyzer 4 | . . 4 Insert Component 2 | . . 2 Analyze 2 | . . 2 Garrison Access Hacks . | . . . Unauthorized Hacks . | . . . Terminals . | . . . Fabricators . | . . . Repair Stations . | . . . Recycling Units . | . . . Scanalyzers . | . . . Garrison Access . | . . . Data Cores Recovered . | . . . Used . | . . . Hacking Detections 4 | . 3 1 Full Trace Events 2 | . 1 1 Feedback Events . | . . . Feedback Blocked . | . . . Robot Schematics Acquired . | . . . Robots Built . | . . . Authchips . | . . . Time . | . . . Total Robot Build Rating . | . . . Part Schematics Acquired 2 | . . 2 Parts Built . | . . . Authchips . | . . . Time . | . . . Total Part Build Rating . | . . . Parts Repaired . | . . . Time . | . . . Parts Recycled . | . . . Recycled Matter . | . . . Retrieved Matter . | . . . Retrieved Components . | . . . Parts Scanalyzed 2 | . . 2 Part Schematics Acquired 2 | . . 2 Parts Damaged . | . . . Bothacking | -11 -10 -9 ------------ Run | Yrd Mat Mat Used RIF Installer . | . . . Robots Hacked 1 | . . 1 Non-combat . | . . . Combat 1 | . . 1 Robot Hacks Applied 2 | . . 2 parse_system 2 | . . 2 Relay Couplers Released . | . . . Fabnet Peak Effective % . | . . . Robots Rewired . | . . . Allies Hacked . | . . . Hacks Repelled . | . . . Allies | -11 -10 -9 -------- Run | Yrd Mat Mat Total Allies . | . . . Largest Group . | . . . Highest-Rated Group . | . . . Highest-Rated Ally . | . . . Total Orders . | . . . Ally Attacks . | . . . Total Damage . | . . . Kills . | . . . Allies Corrupted . | . . . Allies Melted . | . . . Intel | -11 -10 -9 ------- Run | Yrd Mat Mat Active Infowar (turns) 2408 | . 1470 938 Structural 1515 | . 1008 507 ECM 893 | . 462 431 Robot Analysis Total . | . . . Derelict Logs Recovered . | . . . Drone Launches . | . . . Drone Recoveries . | . . . Exploration | -11 -10 -9 ------------- Run | Yrd Mat Mat Turns Passed 3024 | 61 1913 1050 Spaces Moved 1316 | 37 886 393 Core 13 | 13 . . Treads 1301 | 24 886 391 Legs . | . . . Wheels . | . . . Hover . | . . . Flight 2 | . . 2 Fastest Speed 50 | 50 160 160 Average Speed 206 | 121 198 231 Slowest Speed 1230 | 160 320 1230 Overloaded Moves . | . . . Propulsion Burnouts . | . . . Robots Hopped . | . . . Potential Cave-ins . | . . . Cave-ins Triggered . | . . . Exploration Rate (%) 41 | 5 95 25 Regions Visited 2 Branch Regions . Pre-discovered Areas . | . . . Known Exits Taken . | . . . Unknown Exits Taken 2 | 1 1 . Scrap Searched . | . . . Spaces Dug . | . . . Terrain Destroyed 99 | . 10 89 Melee . | . . . Projectile . | . . . AOE 99 | . 10 89 Terrain Rammed . | . . . Walls Destroyed . | . . . Machines Disabled . | . . . Actions | -11 -10 -9 --------- Run | Yrd Mat Mat Total 1498 | 53 966 479 Wait 9 | 5 4 . Move 1314 | 36 885 393 Hop . | . . . Pick Up 39 | 6 16 17 Fast Attach 1 | 1 . . Attach 18 | 5 3 10 Detach 5 | . 2 3 Swap 19 | . 9 10 Drop 10 | . 4 6 Fire 79 | . 41 38 Melee 3 | . 1 2 Ram . | . . . Kick . | . . . Crush 1 | . 1 . Escape Stasis . | . . . Rewire . | . . . Trap . | . . . Miscellaneous . | . . . Route ------- -11/Scrapyard -10/Materials (discovered 6 exits: *Mat x3 / [*Min x2] / [*Sub]) -9/Materials (discovered 2 exits: Min x2) History --------- Turn | Location | Event 15 | -11/Scrapyard | Discovered new exit (range 16) 62 | -11/Scrapyard | Entered Materials 147 | -10/Materials | Discovered new exit (range 6) 305 | -10/Materials | Discovered new exit (range 12) 310 | -10/Materials | Build established: Mutant 579 | -10/Materials | Discovered new exit (range 16) 903 | -10/Materials | Discovered new exit (range 9) 1041 | -10/Materials | Discovered new exit (range 13) 1110 | -10/Materials | Discovered new exit (range 11) 1975 | -10/Materials | Entered another Materials area 1975 | -9/Materials | Evolved 2 slots: Propulsion x2 2811 | -9/Materials | Lost 3 parts (1p1n1w) 2897 | -9/Materials | Identified exit to Mines 3010 | -9/Materials | Core integrity fell below 50% 3021 | -9/Materials | Core integrity fell below 20% 3025 | -9/Materials | Destroyed by L-31 Rogue with Katana Last Messages --------------- Dispatching Investigation squad. K-01 Serf collects debris. Acquired 10 matter. Structural Scanner destroyed. Chain reaction triggered in Ion Engine. Destroyed Heat Sink. K-01 Serf destroyed. EM Pulse Gun destroyed. Jacked G-34 Mercenary... >>parse_system Reading system data... Jacked G-34 Mercenary... >>parse_system Reading system data... U-05 Engineer lays Concrete. Imp. Treads destroyed. Imp. Treads severed. Imp. Flight Unit severed. Datajack destroyed. Ion Engine destroyed. Map ----- +----------------------------------------------------+ | | | | | | | | | | | | | | | | | | | | | | | | | | | | | | | | | | | | | | | | | ????????????????????????##########????????????? | | ????????????????????????# #????????????? | | ????????????????????????# #????????????? | | ????????????????????????# #????????????? | | ????????????????????????# #????????????? | | ?????????????????+#+#####@ #????????????? | | ????????????????# g=l #????????????? | | ???????? # #????????????? | | ????????###########+## # #????????????? | | ????????## ##???# ?# #????????????? | | ????????##"" ##???# #####g#########+#?????? | | ????????##"T ##???# #???? | | ????????##"" ##???# #???? | | ??????? ## ##???###### ########+####????? | | ??????? ## """ ##????????# #????????????????? | | ??????? ## " ##???###### ##???????????????? | | ## ## " ########### ###??????????????? | | #"""#+#### % ###### ### ###??????????????? | | # ! " # ##### ##??????????????? | | %/% " / ##??????????????? | | %! =#= """ # %* ##??????????????? | | ###### # # ##### ##??????????????? | | ###### # #######+#############??????????????? | | ????## ##### ##########??????????????? | | ????## ? ##### ########???????????????? | | ????## ?????## " ####????????????????????? | | ????## ?????## " %# ##????????????????????? | | ????????????## =####????????????????????? | | ????????????## "% ####????????????????????? | | ????????????## ###?????????????????????? | +----------------------------------------------------+ Best States ------------- Heat Dissipation 28 Energy Generation 11 Energy Capacity 250 Matter Stores 300 Matter Capacity 300 Sight Range 16 Terrain Scan Density 10 ECM Strength 1 Utility Shielding 33 Evasion (%) 50 Recoil Reduction 4 Item Schematics ----------------- Weight Redist. System | -9/Materials | Scanalyzed Imp. Flight Unit | -9/Materials | Scanalyzed Robot Schematics ------------------ None Fabricated ------------ Nothing Repaired ---------- Nothing Alien Tech Used ----------------- None Achievements -------------- Power Corrupts Safety First Challenges ------------ None Game ------ Seed SniperPotentialAccelerator Manual? 0 Play Time 00:36:35 Cumulative 4.7 hours Start 2025.06.27 @ 14:49:54 End 2025.06.27 @ 15:28:16 Sessions 1 Manual Loads 0 Difficulty Rogue Special Mode None Game No. 9 Rogue 9 Adventurer 0 Explorer 0 Win Type - Total 0 Types 0/0/0/0/0/0/0/0/0/0 Lore% 0 Gallery% 11 Achievement% 8 Wizard Run 0 Options --------- Layout 1 ASCII 0 Keyboard 0 Movement Mouse Keybinds 0 Fullscreen 1 Font 20/SmallcapsGlow Map View 50x35 Zoom Use 0% Tactical HUD 0 Map Filters NONE Filters NONE Steam 1 RUN: a5151508-a376-414f-bd9a-45791b8686c1